TOP OF THE 1ST |
Columbia River Rats batting - Pitching for Idaho Falls Chukars : RHP Frank Wilson
|
Pitching: RHP Frank Wilson
|
|
Batting: LHB Ji-e Loh
|
0-0: Called Strike 0-1: Foul Ball, location: 2F 0-2: Ball 1-2: Fly out, F9 (Flyball, 9LMF, EV 95.6 MPH)
|
Batting: LHB Min-ho Yun
|
0-0: Ground out 4-3 (Groundball, 4, EV 78.8 MPH)
|
Batting: SHB Dean Barthorpe
|
0-0: Called Strike 0-1: Ball 1-1: Ball 2-1: Swinging Strike 2-2: Foul Ball, location: 2F 2-2: SINGLE (Flyball, 78S, EV 97.5 MPH)
|
Batting: LHB Frank Morris
|
0-0: Swinging Strike 0-1: Swinging Strike 0-2: SINGLE (Groundball, 6MD, EV 103.8 MPH) Dean Barthorpe to second
|
Batting: RHB John Alexander
|
0-0: Called Strike 0-1: Foul Ball, location: 2F 0-2: Ball 1-2: Ball 2-2: Foul Ball, location: 2F 2-2: Ball 3-2: Strikes out swinging
|
Top of the 1st over - 0 runs, 2 hits, 0 errors, 2 left on base; Columbia 0 - Idaho Falls 0 |
BOTTOM OF THE 1ST |
Idaho Falls Chukars batting - Pitching for Columbia River Rats : LHP David Fuentes
|
Pitching: LHP David Fuentes
|
|
Batting: LHB Doyle Berkey
|
0-0: Called Strike 0-1: Called Strike 0-2: Strikes out swinging
|
Batting: RHB César Vélez
|
0-0: Ball 1-0: Ball 2-0: Ball 3-0: Called Strike 3-1: Foul Ball, location: 2F 3-2: Foul Ball, location: 2F 3-2: Foul Ball, location: 2F 3-2: Ground out 5-3 (Groundball, 56, EV 78.8 MPH)
|
Batting: RHB Vinnie Nuyten
|
0-0: Called Strike 0-1: Ball 1-1: Foul Ball, location: 2F 1-2: Ball 2-2: Ball 3-2: Strikes out swinging
|
Bottom of the 1st over - 0 runs, 0 hits, 0 errors, 0 left on base; Columbia 0 - Idaho Falls 0 |
TOP OF THE 2ND |
Columbia River Rats batting - Pitching for Idaho Falls Chukars : RHP Frank Wilson
|
Batting: RHB Pu-feng Zhou
|
0-0: Called Strike 0-1: Ball 1-1: Ball 2-1: Ground out 1-3 (Groundball, 13, EV 68.8 MPH)
|
Batting: RHB Cédric Causse
|
0-0: Foul Ball, location: 2F 0-1: Ball 1-1: Ball 2-1: Ball 3-1: Called Strike 3-2: Base on Balls
|
Batting: LHB Seb Considine
|
0-0: Ball 1-0: Ball 2-0: Fielders Choice at 2nd, 1-6 (Groundball, 34S, EV 86.9 MPH)
|
Batting: RHB Ryan Guengerich
|
0-0: Fielders Choice at 2nd, 6-4 (Groundball, 6, EV 101.9 MPH)
|
Top of the 2nd over - 0 runs, 0 hits, 0 errors, 1 left on base; Columbia 0 - Idaho Falls 0 |
BOTTOM OF THE 2ND |
Idaho Falls Chukars batting - Pitching for Columbia River Rats : LHP David Fuentes
|
Batting: LHB Huibrecht Bloemheuvel
|
0-0: Called Strike 0-1: Fly out, F4 (Flyball, 4D, EV 81.9 MPH)
|
Batting: LHB Ronald Lithgoe
|
0-0: Ground out 6-3 (Groundball, 6S, EV 66.2 MPH)
|
Batting: RHB Kel Warren
|
0-0: Swinging Strike 0-1: Ball 1-1: Swinging Strike 1-2: Strikes out swinging
|
Bottom of the 2nd over - 0 runs, 0 hits, 0 errors, 0 left on base; Columbia 0 - Idaho Falls 0 |
TOP OF THE 3RD |
Columbia River Rats batting - Pitching for Idaho Falls Chukars : RHP Frank Wilson
|
Batting: LHB Ji-e Loh
|
0-0: Called Strike 0-1: Ball 1-1: Ball 2-1: Ball 3-1: Base on Balls
|
Batting: LHB Min-ho Yun
|
0-0: Ball 1-0: Ball Wild Pitch! Ji-e Loh to second 2-0: Called Strike 2-1: Ball 3-1: Base on Balls
|
Batting: SHB Dean Barthorpe
|
0-0: Called Strike 0-1: Ball 1-1: DOUBLE (Line Drive, 78D, EV 103.8 MPH) Ji-e Loh scores Min-ho Yun to third
|
Batting: LHB Frank Morris
|
0-0: Called Strike 0-1: Swinging Strike 0-2: Foul Ball, location: 2F 0-2: Ground out 4-3 (Groundball, 4, EV 86.9 MPH) Min-ho Yun scores Dean Barthorpe to third
|
Batting: RHB John Alexander
|
0-0: Ball 1-0: SINGLE (Groundball, 6MD, EV 95.6 MPH) Dean Barthorpe scores
|
Batting: RHB Pu-feng Zhou
|
0-0: Fielders Choice at 2nd, 4-6 (Groundball, 34, EV 102.5 MPH)
|
Batting: RHB Cédric Causse
|
0-0: Ball 1-0: Called Strike 1-1: Foul Ball, location: 2F 1-2: Ball 2-2: Ball 3-2: Base on Balls Pu-feng Zhou to second
|
Batting: LHB Seb Considine
|
0-0: Ball 1-0: Ball 2-0: Called Strike 2-1: Ball 3-1: Called Strike 3-2: Base on Balls Pu-feng Zhou to third Cédric Causse to second
|
Batting: RHB Ryan Guengerich
|
0-0: Ball 1-0: Ball 2-0: Fly out, F8 (Flyball, 8LD, EV 90.0 MPH)
|
Top of the 3rd over - 3 runs, 2 hits, 0 errors, 3 left on base; Columbia 3 - Idaho Falls 0 |
BOTTOM OF THE 3RD |
Idaho Falls Chukars batting - Pitching for Columbia River Rats : LHP David Fuentes
|
Batting: RHB Poom Saksansin
|
0-0: Foul Ball, location: 2F 0-1: Foul Ball, location: 2F 0-2: Ball 1-2: Strikes out swinging
|
Batting: SHB Oscar Henson
|
0-0: Ground out 6-3 (Groundball, 6MS, EV 60.6 MPH)
|
Batting: LHB Kyung-ryul Kim
|
0-0: Swinging Strike 0-1: Swinging Strike 0-2: Ball 1-2: Strikes out swinging
|
Bottom of the 3rd over - 0 runs, 0 hits, 0 errors, 0 left on base; Columbia 3 - Idaho Falls 0 |
TOP OF THE 4TH |
Columbia River Rats batting - Pitching for Idaho Falls Chukars : RHP Frank Wilson
|
Batting: LHB Ji-e Loh
|
0-0: Ball 1-0: Ball 2-0: Called Strike 2-1: Foul Ball, location: 2F 2-2: Ball 3-2: Base on Balls
|
Batting: LHB Min-ho Yun
|
0-0: Called Strike Ji-e Loh steals 2nd base (no throw) 0-1: Ball 1-1: Foul Ball, location: 2F 1-2: Ground out 3-1 (Groundball, 3S, EV 82.5 MPH) Ji-e Loh to third
|
Batting: SHB Dean Barthorpe
|
0-0: Called Strike 0-1: Foul Ball, location: 2F 0-2: DOUBLE (Flyball, 8RXD, EV 110.0 MPH) Ji-e Loh scores
|
Batting: LHB Frank Morris
|
0-0: Ball 1-0: Ball 2-0: Foul Ball, location: 2F 2-1: Fly out, F4 (Popup, 4S, EV 74.4 MPH)
|
Batting: RHB John Alexander
|
0-0: Called Strike 0-1: Ground out 6-3 (Groundball, 6, EV 83.8 MPH)
|
Top of the 4th over - 1 run, 1 hit, 0 errors, 1 left on base; Columbia 4 - Idaho Falls 0 |
BOTTOM OF THE 4TH |
Idaho Falls Chukars batting - Pitching for Columbia River Rats : LHP David Fuentes
|
Batting: LHB Doyle Berkey
|
0-0: Swinging Strike 0-1: Ground out 6-3 (Groundball, 56D, EV 102.5 MPH)
|
Batting: RHB César Vélez
|
0-0: SINGLE (Line Drive, 8RS, EV 110.0 MPH)
|
Batting: RHB Vinnie Nuyten
|
0-0: Ball 1-0: Ball 2-0: Called Strike 2-1: Called Strike 2-2: Ball 3-2: Strikes out looking
|
Batting: LHB Huibrecht Bloemheuvel
|
0-0: SINGLE (Flyball, 7S, EV 86.9 MPH) César Vélez to second
|
Batting: LHB Ronald Lithgoe
|
0-0: Ball 1-0: Swinging Strike 1-1: Called Strike 1-2: Ball 2-2: Strikes out swinging
|
Bottom of the 4th over - 0 runs, 2 hits, 0 errors, 2 left on base; Columbia 4 - Idaho Falls 0 |
TOP OF THE 5TH |
Columbia River Rats batting - Pitching for Idaho Falls Chukars : RHP Frank Wilson
|
Batting: RHB Pu-feng Zhou
|
0-0: Ball 1-0: Ball 2-0: Swinging Strike 2-1: Foul Ball, location: 2F 2-2: Ball 3-2: Base on Balls
|
Batting: RHB Cédric Causse
|
0-0: Called Strike 0-1: Fielders Choice at 2nd, 6-4 (Groundball, 6, EV 76.2 MPH)
|
Batting: LHB Seb Considine
|
0-0: Called Strike 0-1: Fielders Choice at 2nd, 1-6 (Groundball, 13, EV 84.4 MPH)
|
Batting: RHB Ryan Guengerich
|
0-0: Ball 1-0: Ball 2-0: Ball 3-0: Base on Balls Seb Considine to second
|
Batting: LHB Ji-e Loh
|
0-0: Ball 1-0: Ground out 4-3 (Groundball, 4S, EV 67.5 MPH)
|
Top of the 5th over - 0 runs, 0 hits, 0 errors, 2 left on base; Columbia 4 - Idaho Falls 0 |
BOTTOM OF THE 5TH |
Idaho Falls Chukars batting - Pitching for Columbia River Rats : LHP David Fuentes
|
Batting: RHB Kel Warren
|
0-0: Ball 1-0: Ball 2-0: Ball 3-0: Called Strike 3-1: Swinging Strike 3-2: SINGLE (Groundball, 34D, EV 93.8 MPH)
|
Batting: RHB Poom Saksansin
|
0-0: Ball 1-0: Ball 2-0: Ball 3-0: Called Strike 3-1: Foul Ball, location: 2F 3-2: Fielders Choice at 2nd, 3-6 (Groundball, 34S, EV 83.8 MPH)
|
Batting: SHB Oscar Henson
|
0-0: Foul Ball, location: 2F 0-1: Ball 1-1: Ball 2-1: Foul Ball, location: 2F 2-2: Strikes out looking
|
Batting: LHB Kyung-ryul Kim
|
0-0: Ball 1-0: SINGLE (Groundball, 4D, EV 101.9 MPH) Poom Saksansin to second Runner from 2nd tries for 3rd, SAFE, no throw by CF
|
Batting: LHB Doyle Berkey
|
0-0: Ball 1-0: Ball Kyung-ryul Kim steals 2nd base (no throw) 2-0: Called Strike 2-1: Ball 3-1: Foul Ball, location: 2F 3-2: Strikes out swinging
|
Bottom of the 5th over - 0 runs, 2 hits, 0 errors, 2 left on base; Columbia 4 - Idaho Falls 0 |
TOP OF THE 6TH |
Columbia River Rats batting - Pitching for Idaho Falls Chukars : RHP Frank Wilson
|
Pitching: RHP Gene Kendall
|
|
Batting: LHB Min-ho Yun
|
0-0: Ball 1-0: Ball 2-0: Ball 3-0: Base on Balls
|
Batting: SHB Dean Barthorpe
|
0-0: Ball 1-0: Called Strike 1-1: Called Strike 1-2: Ball 2-2: SINGLE (Groundball, 6D, EV 96.2 MPH) Min-ho Yun to second
|
Batting: LHB Frank Morris
|
0-0: Called Strike 0-1: Ball 1-1: SINGLE (Groundball, 6D, EV 101.9 MPH) Min-ho Yun to third Dean Barthorpe to second Runner from 3rd tries for Home, SAFE, throw by CF to home
|
Batting: RHB John Alexander
|
0-0: Grounds into double play, 6-4-3 (Groundball, 6, EV 105.6 MPH) Dean Barthorpe to third
|
Batting: RHB Pu-feng Zhou
|
0-0: Foul Ball, location: 2F 0-1: Swinging Strike 0-2: Ball 1-2: Fly out, F9 (Line Drive, 9, EV 97.5 MPH)
|
Top of the 6th over - 1 run, 2 hits, 0 errors, 1 left on base; Columbia 5 - Idaho Falls 0 |
BOTTOM OF THE 6TH |
Idaho Falls Chukars batting - Pitching for Columbia River Rats : LHP David Fuentes
|
Batting: RHB César Vélez
|
0-0: Ball 1-0: Ball 2-0: Ball 3-0: Called Strike 3-1: Base on Balls
|
Pitching: LHP Felipe Medrano
|
|
Batting: RHB Vinnie Nuyten
|
0-0: Swinging Strike 0-1: Ball 1-1: Foul Ball, location: 2F 1-2: Ground out 5-3 (Groundball, 56D, EV 106.9 MPH) César Vélez to second
|
Batting: LHB Huibrecht Bloemheuvel
|
0-0: Called Strike 0-1: Ball 1-1: Swinging Strike 1-2: Strikes out swinging
|
Batting: LHB Ronald Lithgoe
|
0-0: Hit by Pitch
|
Batting: RHB Kel Warren
|
0-0: Ground out 1-3 (Groundball, 25, EV 87.5 MPH)
|
Bottom of the 6th over - 0 runs, 0 hits, 0 errors, 2 left on base; Columbia 5 - Idaho Falls 0 |
TOP OF THE 7TH |
Columbia River Rats batting - Pitching for Idaho Falls Chukars : RHP Gene Kendall
|
Batting: RHB Cédric Causse
|
0-0: Fly out, F7 (Line Drive, 7D, EV 86.9 MPH)
|
Batting: LHB Seb Considine
|
0-0: Ball 1-0: SINGLE (Groundball, 34D, EV 103.1 MPH)
|
Batting: RHB Ryan Guengerich
|
0-0: Called Strike 0-1: Ball 1-1: Ball 2-1: Called Strike 2-2: Ball 3-2: Fielders Choice at 2nd, 5-4 (Groundball, 56, EV 89.4 MPH)
|
Batting: LHB Ji-e Loh
|
0-0: Ball 1-0: Ball 2-0: Ball Wild Pitch! Ryan Guengerich to second 3-0: Called Strike 3-1: SINGLE (Groundball, 4S, EV 72.5 MPH) (infield hit) Ryan Guengerich to third
|
Batting: LHB Min-ho Yun
|
0-0: Ground out 3-1 (Groundball, 3, EV 106.2 MPH)
|
Top of the 7th over - 0 runs, 2 hits, 0 errors, 2 left on base; Columbia 5 - Idaho Falls 0 |
BOTTOM OF THE 7TH |
Idaho Falls Chukars batting - Pitching for Columbia River Rats : LHP Felipe Medrano
|
Batting: RHB Poom Saksansin
|
0-0: Ball 1-0: Called Strike 1-1: Foul Ball, location: 2F 1-2: Ball 2-2: Ground out 6-3 (Groundball, 56D, EV 100.6 MPH)
|
Batting: SHB Oscar Henson
|
0-0: Ground out 1-3 (Groundball, 13S, EV 68.1 MPH)
|
Batting: LHB Kyung-ryul Kim
|
0-0: Called Strike 0-1: Ball 1-1: Fly out, F8 (Flyball, 8LD, EV 95.0 MPH)
|
Bottom of the 7th over - 0 runs, 0 hits, 0 errors, 0 left on base; Columbia 5 - Idaho Falls 0 |
TOP OF THE 8TH |
Columbia River Rats batting - Pitching for Idaho Falls Chukars : RHP Gene Kendall
|
Batting: SHB Dean Barthorpe
|
0-0: Called Strike 0-1: Foul Ball, location: 2F 0-2: Ball 1-2: Foul Ball, location: 2F 1-2: SINGLE (Line Drive, 56, EV 104.4 MPH)
|
Pitching: LHP Mathis Vial
|
|
Batting: LHB Frank Morris
|
0-0: Swinging Strike 0-1: Ball 1-1: Swinging Strike 1-2: Strikes out looking
|
Batting: RHB John Alexander
|
0-0: Called Strike 0-1: Foul Ball, location: 2F 0-2: Ball 1-2: Ball 2-2: SINGLE (Line Drive, 9S, EV 100.0 MPH) Dean Barthorpe to second
|
Batting: RHB Pu-feng Zhou
|
0-0: Ball 1-0: Fielders Choice at 2nd, 3-6 (Groundball, 34, EV 83.8 MPH) Dean Barthorpe to third
|
Batting: RHB Cédric Causse
|
0-0: Foul Ball, location: 2F 0-1: Ball 1-1: Ball 2-1: Called Strike 2-2: Ball 3-2: Fly out, F8 (Flyball, 8RM, EV 87.5 MPH)
|
Top of the 8th over - 0 runs, 2 hits, 0 errors, 2 left on base; Columbia 5 - Idaho Falls 0 |
BOTTOM OF THE 8TH |
Idaho Falls Chukars batting - Pitching for Columbia River Rats : LHP Felipe Medrano
|
Batting: LHB Doyle Berkey
|
0-0: Foul Ball, location: 2F 0-1: Ball 1-1: Ball 2-1: Swinging Strike 2-2: Foul Ball, location: 2F 2-2: SINGLE (Groundball, 34D, EV 94.4 MPH)
|
Batting: RHB César Vélez
|
0-0: Called Strike 0-1: Swinging Strike 0-2: Ball 1-2: Ball 2-2: Fielders Choice at 2nd, 6-4 (Groundball, 6S, EV 89.4 MPH)
|
Batting: RHB Vinnie Nuyten
|
0-0: Called Strike 0-1: Fly out, F7 (Flyball, 7S, EV 91.9 MPH)
|
Batting: LHB Huibrecht Bloemheuvel
|
0-0: Called Strike 0-1: Foul Ball, location: 2F 0-2: Foul Ball, location: 2F 0-2: Strikes out swinging
|
Bottom of the 8th over - 0 runs, 1 hit, 0 errors, 1 left on base; Columbia 5 - Idaho Falls 0 |
TOP OF THE 9TH |
Columbia River Rats batting - Pitching for Idaho Falls Chukars : LHP Mathis Vial
|
Batting: LHB Seb Considine
|
0-0: Ball 1-0: Ground out U3 (Groundball, 34, EV 97.5 MPH)
|
Batting: RHB Ryan Guengerich
|
0-0: Called Strike 0-1: Swinging Strike 0-2: Foul Ball, location: 2F 0-2: Ground out U3 (Groundball, 3, EV 85.0 MPH)
|
Batting: LHB Ji-e Loh
|
0-0: Ball 1-0: Called Strike 1-1: Ball 2-1: Swinging Strike 2-2: Strikes out swinging
|
Top of the 9th over - 0 runs, 0 hits, 0 errors, 0 left on base; Columbia 5 - Idaho Falls 0 |
BOTTOM OF THE 9TH |
Idaho Falls Chukars batting - Pitching for Columbia River Rats : LHP Felipe Medrano
|
Batting: LHB Ronald Lithgoe
|
0-0: Ball 1-0: SINGLE (Flyball, 78M, EV 94.4 MPH)
|
Batting: RHB Kel Warren
|
0-0: Swinging Strike 0-1: Swinging Strike 0-2: Foul Ball, location: 2F 0-2: Ball 1-2: Foul Ball, location: 2F 1-2: Strikes out swinging
|
Batting: RHB Poom Saksansin
|
0-0: Called Strike 0-1: Called Strike 0-2: Strikes out swinging
|
Batting: SHB Oscar Henson
|
0-0: Called Strike 0-1: Ball 1-1: Ball 2-1: SINGLE (Line Drive, 9S, EV 109.4 MPH) Ronald Lithgoe to second
|
Batting: LHB Kyung-ryul Kim
|
0-0: Ball 1-0: Called Strike 1-1: Called Strike 1-2: Strikes out swinging
|
Bottom of the 9th over - 0 runs, 2 hits, 0 errors, 2 left on base; Columbia 5 - Idaho Falls 0 |
|